Oilers vs Devils

Created - December 11, 2015 at 18:02

Goals
1 2 3 T
Oilers 3 1 0 4
Devils 0 1 1 2
Shots
1 2 3 T
Oilers 11 7 8 26
Devils 8 3 8 19

1st period

1. Oilers , Gabriel Landeskog 12 (Mikkel Boedker, Marco Scandella) at 0:36
2. Oilers , Jay Beagle 5 (Kyle Quincey, Aleksander Barkov) at 1:51
3. Oilers , Gabriel Landeskog 13 (Brian Campbell, Ryan Kesler) at 14:38 (PP)

Penalties :
Marc-Edouard Vlasic (EDM) for Elbowing (Minor) at 6:48, Darren Helm (NJD) for Tripping (Minor) at 13:45

2nd period

4. Devils , Tommy Wingels 5 (Mikko Koivu, John-Michael Liles) at 3:36
5. Oilers , Tyler Bozak 11 (Marco Scandella, Brad Stuart) at 9:43

Penalties :
Brad Stuart (EDM) for Hooking (Minor) at 0:31, Gabriel Landeskog (EDM) for Interference (Minor) at 14:30

3rd period

6. Devils , Tommy Wingels 6 (Mikko Koivu, Nick Schultz) at 17:17

Penalties :
Tommy Wingels (NJD) for Hooking (Minor) at 4:25, Bo Horvat (EDM) for Hooking (Minor) at 6:53

Goalie Stats

Martin Jones (EDM), 17 saves from 19 shots - (0.895), W, 5-3-0, 60:00 minutes
Corey Crawford (NJD), 9 saves from 9 shots - (1.000), 30:17 minutes
Michal Neuvirth (NJD), 13 saves from 17 shots - (0.765), L, 0-1-1, 29:43 minutes

Players Stats for Oilers

Player Name              G  A  P  +/- PIM S  H  SB GA TA FO     MP     PP MP  PK MP  
------------------------------------------------------------------------------------
Aleksander Barkov        0  1  1   0  0   4  0  0  0  0  6/16   13:40   0:00   0:23 
Bo Horvat                0  0  0   0  2   0  1  0  0  0  1/5     7:10   0:00   0:00 
Brad Stuart              0  1  1   1  2   0  3  0  0  0  0/0    23:26   1:02   2:45 
Brian Campbell           0  1  1   0  0   0  2  0  0  0  0/0    21:05   1:50   3:57 
Dominic Moore            0  0  0   1  0   1  0  0  0  0  4/10   15:28   0:57   4:07 
Drew Miller              0  0  0  -1  0   0  0  0  0  0  0/3    12:53   0:00   4:51 
Gabriel Landeskog        2  0  2   1  2   3  4  0  0  0  0/0    19:46   1:55   0:23 
Jay Beagle               1  0  1   0  0   1  2  0  0  0  1/3    13:08   0:00   2:08 
Jeff Schultz             0  0  0   0  0   1  0  1  0  0  0/0    16:09   0:00   1:55 
Justin Williams          0  0  0   0  0   5  1  0  0  0  0/0    16:59   0:57   2:00 
Kyle Quincey             0  1  1   0  0   2  1  2  0  0  0/0    18:13   0:00   3:59 
Landon Ferraro           0  0  0   0  0   0  0  0  0  0  0/0     7:11   0:00   0:00 
Marc-Edouard Vlasic      0  0  0   0  2   0  1  2  0  0  0/0    20:52   1:50   2:49 
Marco Scandella          0  2  2   1  0   0  0  0  0  0  0/0    20:13   1:02   0:27 
Mikkel Boedker           0  1  1   1  0   2  0  0  0  0  0/0    18:54   1:55   0:00 
Ryan Kesler              0  1  1   1  0   3  2  0  0  0  6/15   18:54   1:55   0:00 
Scottie Upshall          0  0  0   0  0   0  2  1  0  0  1/1    11:00   0:00   0:00 
Tyler Bozak              1  0  1   0  0   4  1  0  0  0  11/19  16:59   0:57   2:00 

Players Stats for Devils

Player Name              G  A  P  +/- PIM S  H  SB GA TA FO     MP     PP MP  PK MP  
------------------------------------------------------------------------------------
Ales Hemsky              0  0  0  -1  0   0  0  0  0  0  0/0    12:50   0:00   0:00 
Brandon Sutter           0  0  0   1  0   4  0  0  0  0  7/8    18:54   3:17   1:03 
Chris Kelly              0  0  0  -1  0   1  2  0  0  0  2/2    14:36   0:00   1:46 
Chris Terry              0  0  0   0  0   0  0  0  0  0  0/1     5:24   0:00   0:03 
Dan Hamhuis              0  0  0  -1  0   1  2  2  0  0  0/0    23:37   4:12   1:33 
Darren Helm              0  0  0  -1  2   1  3  0  0  0  6/14   18:10   0:00   0:00 
Jake Muzzin              0  0  0  -2  0   1  2  1  0  0  0/0    23:20   3:44   1:36 
James Sheppard           0  0  0   0  0   0  1  0  0  0  4/6     5:21   0:00   0:00 
Jamie McGinn             0  0  0   0  0   0  0  0  0  0  0/0     0:00   0:00   0:00 
Johan Franzen            0  0  0  -1  0   0  3  1  0  0  1/1    21:06   4:39   0:00 
John-Michael Liles       0  1  1   2  0   0  0  0  0  0  0/0    13:30   0:00   0:10 
Justin Schultz           0  0  0  -1  0   1  1  0  0  0  0/0    22:04   4:12   0:00 
Mikko Koivu              0  2  2   1  0   0  2  0  0  0  10/20  20:31   4:39   1:18 
Nick Schultz             0  1  1   2  0   0  1  0  0  0  0/0    14:26   0:00   1:06 
Tommy Wingels            2  0  2   1  2   6  2  0  0  0  2/3    17:50   3:17   0:00 
Trevor Daley             0  0  0  -2  0   2  0  0  0  0  0/0    23:03   3:44   1:19 
Tyler Johnson            0  0  0  -1  0   0  0  1  0  0  10/17  21:06   4:39   0:00 
Vincent Trocheck         0  0  0  -1  0   2  1  0  0  0  0/0    21:18   3:17   1:34 

3 Stars

1 - Gabriel Landeskog (EDM)
2 - Tommy Wingels (NJD)
3 - Mikko Koivu (NJD)

Power Play

Oilers - 1 on 2 Attempt(s) - 50.00%
Devils - 0 on 4 Attempt(s) - 0.00%

Penalty Kill

Oilers - 4 on 4 Attempt(s) - 100.00% - Score 0 goal in Penalty Kill
Devils - 1 on 2 Attempt(s) - 50.00% - Score 0 goal in Penalty Kill

Team Stat

Oilers - Hits : 20 - Faceoff Wins : 30 - Blocked Shots : 6 - Penalty Minutes : 8
Devils - Hits : 20 - Faceoff Wins : 42 - Blocked Shots : 5 - Penalty Minutes : 4

Official

Referees : Jean Hebert and Ghislain Hebert
Linesman : Derek Nansen and Tim Nowak

Game Notes

Corey Crawford enters game at 9:43 of 2nd period
Dominic Moore is injured at 6:55 of 3rd period (Left Leg)

Finance

Level 1 -- Attendance: 2065 (34.42%) -- Ticket Income $516,250
Level 2 -- Attendance: 1472 (29.44%) -- Ticket Income $294,400
Level 3 -- Attendance: 855 (42.75%) -- Ticket Income $149,625
Level 4 -- Attendance: 618 (17.05%) -- Ticket Income $92,700
Luxury Box -- Attendance: 464 (46.40%) -- Ticket Income $185,600
Game was played at the Prudential Center.
Total Attendance: 5474 (31.06%)
Total Ticket Income: $1,238,575
Other Income: $185,786
Total Income: $1,424,361

% Time on Ice - Oilers

Lines # - Real PCT - Wanted PCT - Time Play
Normal Forward
1 - 35% - 40% - 16:59
2 - 29% - 30% - 14:02
3 - 22% - 20% - 11:00
4 - 15% - 10% - 7:11
Normal Defense
1 - 38% - 40% - 18:44
2 - 31% - 30% - 15:18
3 - 29% - 20% - 14:14
4 - 2% - 10% - 0:56
PP Forward
1 - 67% - 60% - 1:55
2 - 33% - 40% - 0:57
PP Defense
1 - 36% - 50% - 1:02
2 - 64% - 50% - 1:50
PK Forward
1 - 75% - 60% - 5:56
2 - 25% - 40% - 2:00
PK Defense
1 - 50% - 60% - 3:59
2 - 50% - 40% - 3:57
PK3 Forward
1 - 0% - 60%
2 - 0% - 40%
PK3 Defense
1 - 0% - 60%
2 - 0% - 40%
44 Forward
1 - 0% - 60%
2 - 0% - 40%
44 Defense
1 - 0% - 60%
2 - 0% - 40%
Last Minute Offensive  - 0:00
Last Minute Defensive  - 0:00
Total
Forward - 60:00
Defense - 60:00

% Time on Ice - Devils

Lines # - Real PCT - Wanted PCT - Time Play
Normal Forward
1 - 33% - 35% - 16:27
2 - 30% - 30% - 14:34
3 - 26% - 25% - 12:50
4 - 11% - 10% - 5:21
Normal Defense
1 - 37% - 40% - 18:00
2 - 36% - 40% - 17:52
3 - 27% - 20% - 13:20
4 - 0% - 0% - 0:00
PP Forward
1 - 59% - 70% - 4:39
2 - 41% - 30% - 3:17
PP Defense
1 - 47% - 70% - 3:44
2 - 53% - 30% - 4:12
PK Forward
1 - 45% - 50% - 1:18
2 - 55% - 50% - 1:34
PK Defense
1 - 46% - 50% - 1:19
2 - 54% - 50% - 1:33
PK3 Forward
1 - 0% - 50%
2 - 0% - 50%
PK3 Defense
1 - 0% - 60%
2 - 0% - 40%
44 Forward
1 - 0% - 50%
2 - 0% - 50%
44 Defense
1 - 0% - 60%
2 - 0% - 40%
Last Minute Offensive  - 0:00
Last Minute Defensive  - 0:00
Total
Forward - 60:00
Defense - 60:00

Play by Play

1st period


0:01 of 1st period - Ryan Kesler wins face-off versus Tyler Johnson in neutral zone.
0:08 of 1st period - Shot by Mikkel Boedker.
0:08 of 1st period - Shot Hit the Post.
0:36 of 1st period - Shot by Gabriel Landeskog.
0:36 of 1st period - Goal by Gabriel Landeskog - Oilers : 1 - Devils : 0.
0:37 of 1st period - Mikko Koivu wins face-off versus Tyler Bozak in neutral zone.
0:55 of 1st period - Shot by Tommy Wingels.
0:55 of 1st period - Shot Misses the Net.
1:32 of 1st period - Dan Hamhuis is hit by Scottie Upshall and loses puck.
1:51 of 1st period - Shot by Jay Beagle.
1:51 of 1st period - Goal by Jay Beagle - Oilers : 2 - Devils : 0.
1:52 of 1st period - Darren Helm wins face-off versus Bo Horvat in neutral zone.
3:56 of 1st period - Gabriel Landeskog is hit by Tommy Wingels and loses puck.
5:19 of 1st period - Shot by Justin Williams.
5:19 of 1st period - Stopped by Michal Neuvirth without a rebound.
5:20 of 1st period - Tyler Johnson wins face-off versus Aleksander Barkov in Devils zone.
5:24 of 1st period - Icing by Vincent Trocheck.
5:25 of 1st period - Tyler Johnson wins face-off versus Aleksander Barkov in Devils zone.
6:05 of 1st period - Shot by Aleksander Barkov.
6:05 of 1st period - Stopped by Michal Neuvirth with a rebound.
6:07 of 1st period - Shot by Jay Beagle.
6:07 of 1st period - Shot Misses the Net.
6:16 of 1st period - Off-side.
6:17 of 1st period - Tyler Bozak wins face-off versus Mikko Koivu in neutral zone.
6:24 of 1st period - Shot by Justin Williams.
6:24 of 1st period - Stopped by Michal Neuvirth without a rebound.
6:25 of 1st period - Tyler Bozak wins face-off versus Darren Helm in Devils zone.
6:48 of 1st period - Minor Penalty to Marc-Edouard Vlasic for Elbowing.
6:49 of 1st period - Dominic Moore wins face-off versus Tyler Johnson in Oilers zone.
6:49 of 1st period - Dominic Moore is hit by Mikko Koivu.
7:11 of 1st period - Shot by Marco Scandella.
7:11 of 1st period - Shot Hit the Post.
7:26 of 1st period - Off-side.
7:27 of 1st period - Brandon Sutter wins face-off versus Tyler Bozak in neutral zone.
7:44 of 1st period - Shot by Vincent Trocheck.
7:44 of 1st period - Deflect By Tommy Wingels.
7:44 of 1st period - Shot Misses the Net.
7:46 of 1st period - Shot by Tommy Wingels.
7:46 of 1st period - Stopped by Martin Jones without a rebound.
7:47 of 1st period - Brandon Sutter wins face-off versus Tyler Bozak in Oilers zone.
8:04 of 1st period - Shot by Vincent Trocheck.
8:04 of 1st period - Shot Misses the Net.
8:06 of 1st period - Shot by Jake Muzzin.
8:06 of 1st period - Stopped by Martin Jones without a rebound.
8:07 of 1st period - Dominic Moore wins face-off versus Mikko Koivu in Oilers zone.
8:20 of 1st period - Shot by Justin Schultz.
8:20 of 1st period - Shot Blocked by Jeff Schultz.
10:20 of 1st period - Brandon Sutter is hit by Jay Beagle and loses puck.
10:26 of 1st period - Icing by Trevor Daley.
10:27 of 1st period - Tyler Bozak wins face-off versus Mikko Koivu in Devils zone.
10:29 of 1st period - Justin Williams is hit by Jake Muzzin and loses puck.
10:42 of 1st period - Off-side.
10:43 of 1st period - Tyler Johnson wins face-off versus Bo Horvat in neutral zone.
11:06 of 1st period - Johan Franzen is hit by Marc-Edouard Vlasic and loses puck.
11:13 of 1st period - Shot by Justin Schultz.
11:13 of 1st period - Stopped by Martin Jones with a rebound.
11:26 of 1st period - Shot by Vincent Trocheck.
11:26 of 1st period - Shot Misses the Net.
11:46 of 1st period - Off-side.
11:47 of 1st period - Tyler Bozak wins face-off versus Darren Helm in neutral zone.
12:05 of 1st period - Shot by Tyler Bozak.
12:05 of 1st period - Stopped by Michal Neuvirth without a rebound.
12:06 of 1st period - Ryan Kesler wins face-off versus Tommy Wingels in Devils zone.
12:19 of 1st period - Shot by Brandon Sutter.
12:19 of 1st period - Stopped by Martin Jones without a rebound.
12:20 of 1st period - Tyler Bozak wins face-off versus Tyler Johnson in Oilers zone.
12:22 of 1st period - Icing by Marco Scandella.
12:23 of 1st period - Johan Franzen wins face-off versus Tyler Bozak in Oilers zone.
13:19 of 1st period - Off-side.
13:20 of 1st period - Darren Helm wins face-off versus Ryan Kesler in neutral zone.
13:30 of 1st period - Shot by Chris Kelly.
13:30 of 1st period - Stopped by Martin Jones without a rebound.
13:31 of 1st period - Tommy Wingels wins face-off versus Aleksander Barkov in Oilers zone.
13:32 of 1st period - Shot by Trevor Daley.
13:32 of 1st period - Stopped by Martin Jones with a rebound.
13:34 of 1st period - Shot by Brandon Sutter.
13:34 of 1st period - Stopped by Martin Jones without a rebound.
13:35 of 1st period - Darren Helm wins face-off versus Ryan Kesler in Oilers zone.
13:45 of 1st period - Minor Penalty to Darren Helm for Tripping.
13:46 of 1st period - Brandon Sutter wins face-off versus Ryan Kesler in Devils zone.
13:52 of 1st period - Icing by Brian Campbell.
13:53 of 1st period - Ryan Kesler wins face-off versus Mikko Koivu in Oilers zone.
13:58 of 1st period - Shot by Marc-Edouard Vlasic.
13:58 of 1st period - Shot Misses the Net.
14:36 of 1st period - Shot by Brian Campbell.
14:36 of 1st period - Shot Blocked by Dan Hamhuis.
14:38 of 1st period - Shot by Gabriel Landeskog.
14:38 of 1st period - Goal by Gabriel Landeskog - Oilers : 3 - Devils : 0.
14:39 of 1st period - Aleksander Barkov wins face-off versus James Sheppard in neutral zone.
14:44 of 1st period - Icing by Darren Helm.
14:45 of 1st period - James Sheppard wins face-off versus Aleksander Barkov in Devils zone.
14:45 of 1st period - James Sheppard is hit by Jay Beagle.
15:05 of 1st period - Icing by Justin Schultz.
15:06 of 1st period - Tyler Bozak wins face-off versus James Sheppard in Devils zone.
15:09 of 1st period - Shot by Dominic Moore.
15:09 of 1st period - Shot Misses the Net.
16:05 of 1st period - Shot by Gabriel Landeskog.
16:05 of 1st period - Shot Misses the Net.
16:15 of 1st period - Shot by Ryan Kesler.
16:15 of 1st period - Shot Misses the Net.
16:17 of 1st period - Shot by Ryan Kesler.
16:17 of 1st period - Stopped by Michal Neuvirth without a rebound.
16:18 of 1st period - Tommy Wingels wins face-off versus Aleksander Barkov in Devils zone.
16:20 of 1st period - Icing by Mikko Koivu.
16:21 of 1st period - Mikko Koivu wins face-off versus Aleksander Barkov in Devils zone.
16:48 of 1st period - Shot by Mikko Koivu.
16:48 of 1st period - Shot Blocked by Scottie Upshall.
17:07 of 1st period - Icing by Brad Stuart.
17:08 of 1st period - Aleksander Barkov wins face-off versus Darren Helm in Oilers zone.
18:10 of 1st period - Tyler Johnson is hit by Brian Campbell and loses puck.
18:15 of 1st period - Shot by Tyler Johnson.
18:15 of 1st period - Shot Misses the Net.
18:17 of 1st period - Shot by Dan Hamhuis.
18:17 of 1st period - Stopped by Martin Jones without a rebound.
18:18 of 1st period - Mikko Koivu wins face-off versus Tyler Bozak in Oilers zone.
18:22 of 1st period - Icing by Kyle Quincey.
18:23 of 1st period - Tyler Johnson wins face-off versus Dominic Moore in Oilers zone.
18:38 of 1st period - Shot by Justin Williams.
18:38 of 1st period - Stopped by Michal Neuvirth with a rebound.
18:40 of 1st period - Shot by Jeff Schultz.
18:40 of 1st period - Stopped by Michal Neuvirth with a rebound.
18:42 of 1st period - Shot by Dominic Moore.
18:42 of 1st period - Shot Blocked by Dan Hamhuis.
18:44 of 1st period - Shot by Kyle Quincey.
18:44 of 1st period - Stopped by Michal Neuvirth without a rebound.
18:45 of 1st period - Mikko Koivu wins face-off versus Aleksander Barkov in Devils zone.
18:45 of 1st period - Mikko Koivu is hit by Scottie Upshall.
19:49 of 1st period - Ryan Kesler is hit by Johan Franzen and loses puck.
Goals for this period are 3 for Oilers vs 0 for Devils.
Shots for this period are 11 for Oilers vs 8 for Devils.

2nd period


0:01 of 2nd period - Ryan Kesler wins face-off versus Tyler Johnson in neutral zone.
0:22 of 2nd period - Johan Franzen is hit by Brad Stuart.
0:31 of 2nd period - Minor Penalty to Brad Stuart for Hooking.
0:32 of 2nd period - Brandon Sutter wins face-off versus Dominic Moore in Oilers zone.
0:32 of 2nd period - Brandon Sutter is hit by Kyle Quincey.
1:05 of 2nd period - Shot by Jake Muzzin.
1:05 of 2nd period - Shot Blocked by Kyle Quincey.
1:07 of 2nd period - Shot by Brandon Sutter.
1:07 of 2nd period - Stopped by Martin Jones without a rebound.
1:08 of 2nd period - Mikko Koivu wins face-off versus Dominic Moore in Oilers zone.
1:31 of 2nd period - Kyle Quincey is hit by Johan Franzen and loses puck.
2:08 of 2nd period - Dominic Moore is hit by Mikko Koivu.
2:59 of 2nd period - Icing by Brad Stuart.
3:00 of 2nd period - James Sheppard wins face-off versus Aleksander Barkov in Oilers zone.
3:13 of 2nd period - Jay Beagle is hit by James Sheppard and loses puck.
3:24 of 2nd period - Icing by Scottie Upshall.
3:25 of 2nd period - Aleksander Barkov wins face-off versus Mikko Koivu in Oilers zone.
3:36 of 2nd period - Shot by Tommy Wingels.
3:36 of 2nd period - Goal by Tommy Wingels - Oilers : 3 - Devils : 1.
3:37 of 2nd period - Chris Kelly wins face-off versus Ryan Kesler in neutral zone.
4:04 of 2nd period - Shot by Darren Helm.
4:04 of 2nd period - Shot Blocked by Marc-Edouard Vlasic.
4:46 of 2nd period - Shot by Tyler Johnson.
4:46 of 2nd period - Shot Misses the Net.
5:34 of 2nd period - John-Michael Liles is hit by Tyler Bozak and loses puck.
5:42 of 2nd period - Justin Williams is hit by Nick Schultz.
5:46 of 2nd period - Shot by Dominic Moore.
5:46 of 2nd period - Stopped by Michal Neuvirth with a rebound.
6:06 of 2nd period - Marco Scandella is hit by Jake Muzzin and loses puck.
6:33 of 2nd period - Shot by Jake Muzzin.
6:33 of 2nd period - Shot Misses the Net.
7:13 of 2nd period - Shot by Johan Franzen.
7:13 of 2nd period - Shot Misses the Net.
7:15 of 2nd period - Shot by Vincent Trocheck.
7:15 of 2nd period - Shot Misses the Net.
7:17 of 2nd period - Shot by Vincent Trocheck.
7:17 of 2nd period - Shot Misses the Net.
8:07 of 2nd period - Shot by Aleksander Barkov.
8:07 of 2nd period - Stopped by Michal Neuvirth with a rebound.
8:09 of 2nd period - Shot by Aleksander Barkov.
8:09 of 2nd period - Stopped by Michal Neuvirth without a rebound.
8:10 of 2nd period - Tyler Bozak wins face-off versus Darren Helm in Devils zone.
8:27 of 2nd period - Shot by Justin Williams.
8:27 of 2nd period - Stopped by Michal Neuvirth without a rebound.
8:28 of 2nd period - Tyler Johnson wins face-off versus Ryan Kesler in Devils zone.
8:28 of 2nd period - Tyler Johnson is hit by Ryan Kesler.
8:34 of 2nd period - Shot by Johan Franzen.
8:34 of 2nd period - Shot Misses the Net.
8:40 of 2nd period - Dan Hamhuis is hit by Ryan Kesler and loses puck.
8:45 of 2nd period - Shot by Gabriel Landeskog.
8:45 of 2nd period - Shot Blocked by Johan Franzen.
8:47 of 2nd period - Shot by Marc-Edouard Vlasic.
8:47 of 2nd period - Shot Blocked by Tyler Johnson.
9:09 of 2nd period - Tyler Johnson is hit by Gabriel Landeskog and loses puck.
9:29 of 2nd period - Icing by Marco Scandella.
9:30 of 2nd period - Tyler Bozak wins face-off versus Darren Helm in Oilers zone.
9:30 of 2nd period - Brad Stuart is hit by Darren Helm and loses puck.
9:41 of 2nd period - Shot by Tyler Bozak.
9:41 of 2nd period - Stopped by Michal Neuvirth with a rebound.
9:43 of 2nd period - Shot by Tyler Bozak.
9:43 of 2nd period - Goal by Tyler Bozak - Oilers : 4 - Devils : 1.
9:43 of 2nd period - Corey Crawford enters game.
9:44 of 2nd period - Jay Beagle wins face-off versus Mikko Koivu in neutral zone.
10:36 of 2nd period - Ryan Kesler is hit by Tommy Wingels and loses puck.
11:12 of 2nd period - Shot by Ryan Kesler.
11:12 of 2nd period - Shot Misses the Net.
11:14 of 2nd period - Shot by Ryan Kesler.
11:14 of 2nd period - Shot Misses the Net.
12:49 of 2nd period - Icing by Drew Miller.
12:50 of 2nd period - James Sheppard wins face-off versus Bo Horvat in Oilers zone.
14:01 of 2nd period - Shot by Mikko Koivu.
14:01 of 2nd period - Deflect By Brandon Sutter.
14:01 of 2nd period - Shot Misses the Net.
14:30 of 2nd period - Minor Penalty to Gabriel Landeskog for Interference.
14:31 of 2nd period - Mikko Koivu wins face-off versus Dominic Moore in Oilers zone.
14:38 of 2nd period - Shot by Mikko Koivu.
14:38 of 2nd period - Shot Misses the Net.
15:20 of 2nd period - Shot by Justin Schultz.
15:20 of 2nd period - Shot Misses the Net.
15:22 of 2nd period - Shot by Tommy Wingels.
15:22 of 2nd period - Stopped by Martin Jones without a rebound.
15:23 of 2nd period - Dominic Moore wins face-off versus Brandon Sutter in Oilers zone.
15:29 of 2nd period - Icing by Justin Schultz.
15:30 of 2nd period - Brandon Sutter wins face-off versus Dominic Moore in Devils zone.
16:41 of 2nd period - Off-side.
16:42 of 2nd period - Aleksander Barkov wins face-off versus Chris Terry in neutral zone.
17:16 of 2nd period - Shot by Aleksander Barkov.
17:16 of 2nd period - Shot Blocked by Jake Muzzin.
17:30 of 2nd period - Ryan Kesler is hit by Darren Helm and loses puck.
17:44 of 2nd period - Mikkel Boedker is hit by Dan Hamhuis.
18:06 of 2nd period - Shot by Mikkel Boedker.
18:06 of 2nd period - Stopped by Corey Crawford without a rebound.
18:07 of 2nd period - Tyler Bozak wins face-off versus Mikko Koivu in Devils zone.
18:41 of 2nd period - Mikko Koivu is hit by Justin Williams and loses puck.
19:10 of 2nd period - Shot by Vincent Trocheck.
19:10 of 2nd period - Shot Misses the Net.
19:15 of 2nd period - Icing by Jeff Schultz.
19:16 of 2nd period - Tyler Bozak wins face-off versus Darren Helm in Oilers zone.
Goals for this period are 1 for Oilers vs 1 for Devils.
Shots for this period are 7 for Oilers vs 3 for Devils.

3rd period


0:01 of 3rd period - Tyler Johnson wins face-off versus Ryan Kesler in neutral zone.
0:01 of 3rd period - Tyler Johnson is hit by Gabriel Landeskog.
0:06 of 3rd period - Off-side.
0:07 of 3rd period - Ryan Kesler wins face-off versus Tyler Johnson in neutral zone.
0:09 of 3rd period - Mikkel Boedker is hit by Vincent Trocheck and loses puck.
0:14 of 3rd period - Dan Hamhuis is hit by Gabriel Landeskog and loses puck.
0:33 of 3rd period - Shot by Mikkel Boedker.
0:33 of 3rd period - Stopped by Corey Crawford without a rebound.
0:34 of 3rd period - Darren Helm wins face-off versus Dominic Moore in Devils zone.
0:51 of 3rd period - Shot by Darren Helm.
0:51 of 3rd period - Stopped by Martin Jones without a rebound.
0:52 of 3rd period - Ryan Kesler wins face-off versus Mikko Koivu in Oilers zone.
1:26 of 3rd period - Shot by Ryan Kesler.
1:26 of 3rd period - Stopped by Corey Crawford without a rebound.
1:27 of 3rd period - Tyler Johnson wins face-off versus Tyler Bozak in Devils zone.
3:22 of 3rd period - Shot by Ryan Kesler.
3:22 of 3rd period - Stopped by Corey Crawford without a rebound.
3:23 of 3rd period - Mikko Koivu wins face-off versus Drew Miller in Devils zone.
4:25 of 3rd period - Minor Penalty to Tommy Wingels for Hooking.
4:26 of 3rd period - Chris Kelly wins face-off versus Ryan Kesler in Devils zone.
4:26 of 3rd period - Chris Kelly is hit by Gabriel Landeskog.
4:49 of 3rd period - Ryan Kesler is hit by Chris Kelly and loses puck.
5:26 of 3rd period - Shot by Mikko Koivu.
5:26 of 3rd period - Shot Blocked by Marc-Edouard Vlasic.
5:35 of 3rd period - Icing by Marc-Edouard Vlasic.
5:36 of 3rd period - Tyler Bozak wins face-off versus Mikko Koivu in Oilers zone.
6:17 of 3rd period - Ryan Kesler is hit by Chris Kelly and loses puck.
6:48 of 3rd period - Icing by Dan Hamhuis.
6:49 of 3rd period - James Sheppard wins face-off versus Bo Horvat in Devils zone.
6:53 of 3rd period - Minor Penalty to Bo Horvat for Hooking.
6:54 of 3rd period - Dominic Moore wins face-off versus Mikko Koivu in Oilers zone.
6:54 of 3rd period - Dominic Moore is hit by Johan Franzen.
6:55 of 3rd period - Dominic Moore from Oilers is injured at 6:55 of 3rd period (Left Leg).
6:56 of 3rd period - Mikko Koivu wins face-off versus Jay Beagle in Oilers zone.
7:09 of 3rd period - Shot by Trevor Daley.
7:09 of 3rd period - Shot Blocked by Kyle Quincey.
7:11 of 3rd period - Shot by Trevor Daley.
7:11 of 3rd period - Shot Misses the Net.
7:13 of 3rd period - Shot by Trevor Daley.
7:13 of 3rd period - Stopped by Martin Jones without a rebound.
7:14 of 3rd period - Brandon Sutter wins face-off versus Drew Miller in Oilers zone.
7:27 of 3rd period - Shot by Tommy Wingels.
7:27 of 3rd period - Stopped by Martin Jones without a rebound.
7:28 of 3rd period - Mikko Koivu wins face-off versus Jay Beagle in Oilers zone.
8:41 of 3rd period - Shot by Vincent Trocheck.
8:41 of 3rd period - Stopped by Martin Jones with a rebound.
8:43 of 3rd period - Shot by Brandon Sutter.
8:43 of 3rd period - Stopped by Martin Jones without a rebound.
8:44 of 3rd period - Brandon Sutter wins face-off versus Aleksander Barkov in Oilers zone.
9:16 of 3rd period - Shot by Aleksander Barkov.
9:16 of 3rd period - Stopped by Corey Crawford without a rebound.
9:17 of 3rd period - Tyler Johnson wins face-off versus Ryan Kesler in Devils zone.
9:27 of 3rd period - Vincent Trocheck is hit by Brian Campbell and loses puck.
9:54 of 3rd period - Shot by Gabriel Landeskog.
9:54 of 3rd period - Deflect By Ryan Kesler.
9:54 of 3rd period - Shot Misses the Net.
10:59 of 3rd period - Shot by Justin Williams.
10:59 of 3rd period - Stopped by Corey Crawford without a rebound.
11:00 of 3rd period - Darren Helm wins face-off versus Drew Miller in Devils zone.
11:00 of 3rd period - John-Michael Liles is hit by Bo Horvat and loses puck.
11:06 of 3rd period - John-Michael Liles is hit by Brad Stuart and loses puck.
12:26 of 3rd period - Shot by Vincent Trocheck.
12:26 of 3rd period - Shot Misses the Net.
13:18 of 3rd period - Shot by Tommy Wingels.
13:18 of 3rd period - Stopped by Martin Jones without a rebound.
13:19 of 3rd period - Darren Helm wins face-off versus Aleksander Barkov in Oilers zone.
13:26 of 3rd period - Icing by Marco Scandella.
13:27 of 3rd period - Aleksander Barkov wins face-off versus Darren Helm in Oilers zone.
13:44 of 3rd period - Shot by Scottie Upshall.
13:44 of 3rd period - Shot Misses the Net.
13:46 of 3rd period - Shot by Scottie Upshall.
13:46 of 3rd period - Shot Misses the Net.
13:52 of 3rd period - Shot by Jay Beagle.
13:52 of 3rd period - Shot Misses the Net.
14:02 of 3rd period - Shot by Jay Beagle.
14:02 of 3rd period - Shot Misses the Net.
14:53 of 3rd period - Icing by Jay Beagle.
14:54 of 3rd period - Aleksander Barkov wins face-off versus Tyler Johnson in Oilers zone.
17:15 of 3rd period - Shot by Mikko Koivu.
17:15 of 3rd period - Shot Misses the Net.
17:17 of 3rd period - Shot by Tommy Wingels.
17:17 of 3rd period - Goal by Tommy Wingels - Oilers : 4 - Devils : 2.
17:18 of 3rd period - Bo Horvat wins face-off versus Tyler Johnson in neutral zone.
17:26 of 3rd period - Drew Miller is hit by Dan Hamhuis and loses puck.
17:40 of 3rd period - Bo Horvat is hit by Justin Schultz and loses puck.
17:59 of 3rd period - Shot by Vincent Trocheck.
17:59 of 3rd period - Stopped by Martin Jones without a rebound.
18:00 of 3rd period - Scottie Upshall wins face-off versus Darren Helm in Oilers zone.
18:00 of 3rd period - Scottie Upshall is hit by Darren Helm.
19:03 of 3rd period - Shot by Tyler Bozak.
19:03 of 3rd period - Stopped by Corey Crawford with a rebound.
19:05 of 3rd period - Shot by Kyle Quincey.
19:05 of 3rd period - Shot Misses the Net.
19:07 of 3rd period - Shot by Kyle Quincey.
19:07 of 3rd period - Stopped by Corey Crawford without a rebound.
19:08 of 3rd period - Tyler Johnson wins face-off versus Ryan Kesler in Devils zone.
19:28 of 3rd period - Shot by Gabriel Landeskog.
19:28 of 3rd period - Stopped by Corey Crawford without a rebound.
19:29 of 3rd period - Mikko Koivu wins face-off versus Tyler Bozak in Devils zone.
19:56 of 3rd period - Icing by Justin Williams.
19:57 of 3rd period - Tyler Johnson wins face-off versus Tyler Bozak in Oilers zone.
19:57 of 3rd period - Vincent Trocheck is hit by Brad Stuart and loses puck.
Goals for this period are 0 for Oilers vs 1 for Devils.
Shots for this period are 8 for Oilers vs 8 for Devils.